 Dungeon Crawl Stone Soup version 0.21-a0-193-g085b6a0 (webtiles) character file.

79 Helio the Vexing (level 4, -3/21 HPs)
             Began as a Spriggan Enchanter on Aug 14, 2017.
             Slain by Grinder (5 damage)
             ... on level 3 of the Dungeon.
             The game lasted 00:07:54 (2907 turns).

Helio the Vexing (Spriggan Enchanter)               Turns: 2907, Time: 00:07:54

Health: -3/21      AC:  2    Str:  3 (4)  XL:     4   Next: 17%
Magic:  1/11       EV: 15    Int: 14 (17) God:
Gold:   109        SH:  0    Dex: 14 (16) Spells: 2/11 levels left

rFire    + . .     SeeInvis +   m - +1 dagger (vamp)
rCold    . . .     Gourm    .   (shield restricted)
rNeg     . . .     Faith    .   b - +0 robe
rPois    .         Spirit   .   h - +0 hat {MR+}
rElec    .         Reflect  .   (no cloak)
rCorr    .         Harm     .   (gloves unavailable)
MR       +....                  (boots unavailable)
Stlth    +++.......             i - amulet of inaccuracy (curse)
HPRegen  0.07/turn              l - -3 ring of evasion (curse)
MPRegen  0.12/turn              o - ring of protection from fire

@: very slightly contaminated, invisible, very quick
A: unfitting armour, see invisible, herbivore 3, speed 3, slow metabolism 2
a: no special abilities


You were on level 3 of the Dungeon.
You were not hungry.

You visited 1 branch of the dungeon, and saw 3 of its levels.

You collected 109 gold pieces.

Inventory:

Hand Weapons
 a - a +1 dagger
 m - a +1 vampiric dagger (weapon)
Armour
 b - a +0 robe (worn)
 h - a +0 hat of magic resistance (worn)
Jewellery
 i - a cursed amulet of inaccuracy (around neck)
 k - a +2 ring of dexterity
 l - a cursed -3 ring of evasion (left hand)
 o - a ring of protection from fire (right hand)
Scrolls
 j - a scroll of teleportation
Books
 c - a book of Maledictions

   Spells                             Type                      Level
   a - Corona                         Hexes                        1
   b - Ensorcelled Hibernation        Hexes/Ice                    2
   c - Confuse                        Hexes                        3
   d - Tukima's Dance                 Hexes                        3
   e - Dazzling Spray                 Conjuration/Hexes            3
Comestibles
 d - 2 bread rations
 p - 2 fruits


   Skills:
 - Level 1.1 Short Blades
 - Level 3.0 Dodging
 - Level 4.4 Stealth
 + Level 4.2 Spellcasting
 + Level 5.1 Hexes


You had 2 spell levels left.
You knew the following spells:

 Your Spells              Type           Power        Failure   Level  Hunger
a - Ensorcelled Hibernat  Hex/Ice        ##....       10%         2    ##.....
b - Corona                Hex            ###....      2%          1    None
c - Confuse               Hex            ###.....     7%          3    ###....
d - Tukima's Dance        Hex            ###.....     7%          3    ###....


Dungeon Overview and Level Annotations

Branches:
Dungeon (3/15)

Altars:

Annotations:
D:3 Grinder


Innate Abilities, Weirdness & Mutations

You are very small and have problems with some larger weapons.
You are too small for most types of armour.
You have supernaturally acute eyesight. (SInv)
You are a herbivore.
You cover ground extremely quickly.
You need consume almost no food.


Message History

You fade into invisibility!
Grinder misses you.
You are very lightly contaminated with residual magic.
Unknown command.
You completely miss Grinder.
Grinder is severely wounded.
You feel a little less agile now.
You hit Grinder.
Grinder is severely wounded.
Grinder hits you!
* * * LOW HITPOINT WARNING * * *
You writhe in agony.
* * * LOW HITPOINT WARNING * * *
Casting: Confuse
Confirm with . or Enter, or press ? or * to list all spells.
Aiming: Confuse
Press: ? - help, Shift-Dir - straight line, f/p - Grinder
Aim: Grinder (severely wounded, chance to defeat MR: 48%) Grinder resists with some effort.
Grinder hits you.
You die...

#># #.###...# ..#
#.###.......# ..##.
#...........# ...r.
###.#.#######..##..###
..##.# #....5....
###.#.# #.........
#..# #..##..... ##.#
#..####### #@#
#.........
#5#######.........
#..)......########
#####.....ยง.....
############


You could see Grinder.

Vanquished Creatures
  A gnoll (D:1)
  3 adders
  A dart slug (D:2)
  3 leopard geckos
  An orc (D:3)
  4 giant cockroaches
  8 goblins
  A hobgoblin (D:1)
  A quokka (D:2)
  3 ball pythons
  3 bats (D:1)
  2 frilled lizards (D:1)
  6 rats
37 creatures vanquished.

Notes
Turn   | Place    | Note
-------+----------+-------------------------------------------
     0 | D:1      | Helio the Spriggan Enchanter began the quest for the Orb.
     0 | D:1      | Reached XP level 1. HP: 9/9 MP: 5/5
   867 | D:2      | Reached skill level 4 in Hexes
   929 | D:2      | Reached XP level 2. HP: 6/13 MP: 5/7
   933 | D:2      | Learned a level 2 spell: Ensorcelled Hibernation
  1386 | D:2      | Reached XP level 3. HP: 16/16 MP: 9/9
  1391 | D:2      | Learned a level 3 spell: Confuse
  1395 | D:2      | Learned a level 3 spell: Tukima's Dance
  1851 | D:1      | You fall through a shaft!
  2138 | D:1      | Reached skill level 5 in Hexes
  2434 | D:1      | Reached XP level 4. HP: 16/21 MP: 6/11
  2708 | D:3      | Noticed Grinder
  2885 | D:3      | Paralysed by Grinder for 6 turns
  2907 | D:3      | Slain by Grinder

Vault maps used:
D:1:      lightli_arrival_quake, wad_floor_pattern_untrapped,
          kennysheep_decorative_pillar
D:3:      uniq_jessica, uniq_grinder

Skill      XL: |  1  2  3 |
---------------+----------+-----
Spellcasting   | 3 4 |  4.2
Hexes          | 4 5 |  5.1
Short Blades   | |  1.1
Dodging        | |  3.0
Stealth        | |  4.4

Action                   |  1- 3 |  4- 6 || total
-------------------------+-------+-------++-------
Melee: Dagger            |   161 |    40 ||   201
Throw: Throwing net      |     1 |       ||     1
 Cast: Corona            |     9 |       ||     9
       Ensorcelled Hiber |    17 |     4 ||    21
       Confuse           |       |     6 ||     6
  Use: Scroll            |     4 |       ||     4
       Potion            |       |     4 ||     4
 Stab: Sleeping          |    17 |     2 ||    19
       Confused          |       |     2 ||     2
  Eat: Fruit             |     4 |       ||     4
       Royal jelly       |     1 |       ||     1
Armor: Robe              |    23 |       ||    23
Dodge: Dodged            |   129 |    18 ||   147
